 Dungeon Crawl Stone Soup version 0.26-a0-20-g5f92b90fa0 (webtiles) character file.

Game seed: 17075153239337125311, levelgen mode: deterministic

128 MisterFreud the Slasher (level 5, -4/37 HPs)
             Began as an Octopode Gladiator on May 25, 2020.
             Slain by a gnoll (6 damage)
             ... on level 2 of the Dungeon.
             The game lasted 00:02:15 (1841 turns).

MisterFreud the Slasher (Octopode Gladiator)        Turns: 1841, Time: 00:02:16

Health: -4/37      AC:  1    Str: 14    XL:     5   Next: 11%
Magic:  5/5        EV: 13    Int: 11    God:
Gold:   149        SH:  0    Dex:  9    Spells: 4/4 levels left

rFire    . . .     SeeInvis .   a - +0 long sword
rCold    . . .     Gourm    .   (no shield)
rNeg     . . .     Faith    .   b - +0 hat
rPois    .         Spirit   .   (no amulet)
rElec    .         Reflect  .   l - -4 ring of dexterity (curse)
rCorr    .         Harm     .   (no ring)
MR       .....                  (no ring)
Stlth    ++........             (no ring)
HPRegen  0.12/turn              (no ring)
MPRegen  0.09/turn              (no ring)
                                (no ring)
                                (no ring)

@: no status effects
A: almost no armour, stealthy swim, amphibious, 8 rings, constrict 8, camouflage
1, gelatinous body 1
a: no special abilities


You were on level 2 of the Dungeon.
You were not hungry.

You visited 1 branch of the dungeon, and saw 3 of its levels.

You collected 149 gold pieces.

Inventory:

Hand Weapons
 a - a +0 long sword (weapon)
Missiles
 c - 3 throwing nets
 i - 3 boomerangs
 n - 15 poisoned darts (quivered)
Armour
 b - a +0 hat (worn)
Jewellery
 l - a cursed -4 ring of dexterity (left tentacle)
Wands
 v - a wand of random effects (15)
 w - a wand of enslavement (9)
Scrolls
 g - a scroll of identify {unknown}
 j - 2 scrolls of enchant weapon {unknown}
 k - 3 scrolls of remove curse {unknown}
 m - a scroll of immolation {unknown}
 q - 2 scrolls of teleportation {unknown}
 u - a scroll of amnesia {unknown}
Potions
 e - a potion of lignification {unknown}
 f - a potion of resistance {unknown}
 h - a potion of degeneration {unknown}
 o - a potion of haste {unknown}
 p - a potion of curing {unknown}
 r - a potion of flight {unknown}
 s - a potion of stabbing {unknown}
 t - 3 potions of heal wounds {unknown}
Comestibles
 d - 2 rations
 x - 2 chunks of flesh


   Skills:
 - Level 4.0 Fighting
 + Level 4.4 Long Blades
 - Level 2.0 Throwing
 - Level 3.0 Dodging


You had 4 spell levels left.
You didn't know any spells.
Your spell library was empty.

Dungeon Overview and Level Annotations

Branches:
Dungeon (3/15)

Altars:
Gozag
Xom
Zin

Annotations:
D:2 Sigmund


Innate Abilities, Weirdness & Mutations

You cannot wear most types of armour.
You are very stealthy in the water. (Stealth+)
You are amphibious.
You can wear up to eight rings at the same time.
You can use your tentacles to constrict eight enemies at once.
Your skin changes colour to match your surroundings (Stealth+).
Your rubbery body absorbs attacks. (AC +1, EV +1)


Message History

You hit the gnoll but do no damage. Your grab misses the gnoll.
The gnoll hits you. The gnoll barely misses you.
The gnoll hits you with a cursed -2 halberd!
You barely miss the gnoll. Your grab misses the gnoll.
Your squeeze misses the gnoll. The gnoll closely misses you.
You riposte.
You closely miss the gnoll. You grab the gnoll. You squeeze the gnoll!
The gnoll is severely wounded.
The gnoll hits you!
* * * LOW HITPOINT WARNING * * *
The gnoll closely misses you. The gnoll barely misses you.
The gnoll closely misses you.
You riposte.
You barely miss the gnoll. You grab the gnoll.
You release your grip on the gnoll. x2
The gnoll hits you from afar with a cursed -2 halberd.
* * * LOW HITPOINT WARNING * * *
The gnoll hits you.
* * * LOW HITPOINT WARNING * * *
The gnoll barely misses you. The gnoll hits you.
You die...

##### ### ########....
..# #........### ###.#
#.######## ...# #.# ##.##
#.##########
##...###...........
#.#####g....##..#########
#.....g.@.............#
....####g....##..#####.#
# ##........# #.###
##......## #.... ###.##.#
##### #.##.# #.##.#
.###### #.##.#
......##.##.#


You could see 3 gnolls.

Vanquished Creatures
  Jessica (D:2)
  Ijyb (D:3)
  An adder (D:3)
  An ooze (D:1)
  An adder skeleton (D:3)
  3 dart slugs
  A leopard gecko (D:3)
  9 orcs (D:3)
  2 giant cockroaches
  3 hobgoblins
  7 jackals
  5 kobolds
  A ball python (D:1)
  2 bats (D:3)
  5 frilled lizards (D:1)
  2 goblins
  A jackal skeleton (D:3)
  2 rats
48 creatures vanquished.

Notes
Turn   | Place    | Note
-------+----------+-------------------------------------------
     0 | D:1      | MisterFreud the Octopode Gladiator began the quest for the
                  | Orb.
     0 | D:1      | Reached XP level 1. HP: 14/14 MP: 1/1
   228 | D:1      | Reached XP level 2. HP: 19/20 MP: 2/2
   711 | D:2      | Noticed Jessica
   712 | D:2      | Found an opulent altar of Gozag.
   714 | D:2      | Killed Jessica
   714 | D:2      | Reached XP level 3. HP: 27/27 MP: 3/3
   718 | D:2      | Noticed Sigmund
  1102 | D:3      | Reached XP level 4. HP: 25/33 MP: 4/4
  1538 | D:3      | Noticed an angel
  1539 | D:3      | Found a glowing silver altar of Zin.
  1577 | D:3      | Found a shimmering altar of Xom.
  1580 | D:3      | Noticed Ijyb
  1599 | D:3      | Killed Ijyb
  1599 | D:3      | Reached XP level 5. HP: 34/37 MP: 5/5
  1841 | D:2      | Slain by a gnoll

Illustrated notes

Levels and vault maps discovered:
D:1:      minmay_arrival_diagonal_passages, layout_basic, minmay_misc_feat_chi
D:2:      minmay_spotlight, layout_loops_ring, first_ration,
          grunt_gozag_statues, uniq_sigmund, uniq_jessica
D:3:      layout_basic, grunt_temple_overflow_order_and_chaos_1, serial_undead,
          serial_undead_d, serial_undead_d, serial_undead_b, serial_undead_f,
          uniq_ijyb

Skill      XL: |  1  2  3  4 |
---------------+-------------+-----
Fighting       | 4 |  4.0
Long Blades    | 4 |  4.4
Throwing       | |  2.0
Dodging        | |  3.0

Action                   |  1- 3 |  4- 6 || total
-------------------------+-------+-------++-------
Melee: Long sword        |    36 |    61 ||    97
       Constrict         |    12 |    16 ||    28
       Tentacles         |     8 |    11 ||    19
 Stab: Sleeping          |     6 |     1 ||     7
  Eat: Chunk             |     1 |     2 ||     3
Armor: Skin              |     5 |     5 ||    10
Dodge: Dodged            |    27 |    45 ||    72
       Rpst.: Long sword |     7 |     9 ||    16

Table legend:
 A = Non-vault XP
 B = Vault XP
 C = Vault XP percentage of total XP
 D = Non-vault monster count
 E = Vault monster count
 F = Vault count percentage of total count
                 A         B        C        D         E       F
            +---------+---------+-------+---------+---------+-------
      Total |     104 |      79 |  43.2 |      44 |       4 |   8.3
            +---------+---------+-------+---------+---------+-------
        D:1 |      32 |       0 |   0.0 |      17 |       0 |   0.0
        D:2 |      11 |      37 |  77.1 |       6 |       1 |  14.3
        D:3 |      61 |      42 |  40.8 |      21 |       3 |  12.5
            +---------+---------+-------+---------+---------+-------
